 Dungeon Crawl Stone Soup version 0.25-a0-341-g6f074c887a (webtiles) character file.

Game seed: 733755076723059230, levelgen mode: deterministic

519 mopl the Ruffian (level 7, 0/56 HPs)
             Began as a Minotaur Transmuter on Dec 30, 2019.
             Was an Initiate of Cheibriados.
             Slain by a black bear (1 damage)
             ... on level 5 of the Dungeon.
             The game lasted 00:06:10 (4217 turns).

mopl the Ruffian (Minotaur Transmuter)              Turns: 4217, Time: 00:06:11

Health: 0/56       AC:  6    Str: 15    XL:     7   Next: 1%
Magic:  10/10      EV: 11    Int: 13    God:    Cheibriados [......]
Gold:   146        SH:  0    Dex: 12    Spells: 1/11 levels left

rFire    . . .     SeeInvis .     - Unarmed
rCold    . . .     Gourm    .   (no shield)
rNeg     . . .     Faith    .   f - +0 ring mail
rPois    .         Spirit   .   (helmet restricted)
rElec    .         Reflect  .   (no cloak)
rCorr    +         Harm     .   (no gloves)
MR       .....                  t - +0 pair of boots
Stlth    +.........             (no amulet)
HPRegen  0.18/turn              p - ring of resist corrosion
MPRegen  0.12/turn              (no ring)

@: very slow
A: retaliatory headbutt, horns 2
a: Bend Time, Renounce Religion


You were on level 5 of the Dungeon.
You worshipped Cheibriados.
Cheibriados was noncommittal.
You were not hungry.

You visited 2 branches of the dungeon, and saw 6 of its levels.

You collected 146 gold pieces.

Inventory:

Missiles
 a - 30 arrows
 b - 74 stones (quivered)
 c - 59 sling bullets
 j - 10 poisoned darts
 l - 5 silver boomerangs
 n - 3 boomerangs
 u - a throwing net
Armour
 f - a +0 ring mail (worn)
 t - a +0 pair of boots (worn)
Jewellery
 p - a ring of resist corrosion (left hand)
Wands
 v - a wand of acid (9)
Scrolls
 g - 5 scrolls of remove curse
 m - a scroll of amnesia {unknown}
 o - 2 scrolls of teleportation {unknown}
 q - a scroll of enchant weapon {unknown}
 r - 2 scrolls of magic mapping {unknown}
Potions
 e - a potion of might
 h - 3 potions of curing
 i - 2 potions of lignification {!q}
 s - a potion of heal wounds
 w - a potion of cancellation
Comestibles
 d - 9 rations


   Skills:
 + Level 2.6 Fighting
 + Level 1.9 Throwing
 - Level 3.0 Dodging
 + Level 4.6 Unarmed Combat
 * Level 2.9 Spellcasting
 * Level 3.3 Transmutations
 + Level 0.3 Ice Magic
 + Level 0.7 Poison Magic
 + Level 0.9 Invocations


You had one spell level left.
You knew the following spells:

 Your Spells              Type           Power        Failure   Level  Hunger
a - Beastly Appendage     Tmut           ##....       12%         1    #......
b - Spider Form           Tmut/Pois      #.........   52%         3    ###....
d - Ice Form              Ice/Tmut       #.......     91%         4    #####..
w - Sticks to Snakes      Tmut           ##......     19%         2    ###....

Your spell library contained the following spells:

 Spells                   Type           Power        Failure   Level  Hunger
 Blade Hands              Tmut           ##........   97%         5    ######.


Dungeon Overview and Level Annotations

Branches:
Dungeon (5/15)             Temple (1/1) D:4

Altars:
Cheibriados
Fedhas
Gozag
Hepliaklqana
Makhleb
Nemelex Xobeh
Okawaru
Trog
Uskayaw
Vehumet
Zin


Innate Abilities, Weirdness & Mutations

You reflexively headbutt those who attack you in melee.
You have a pair of horns on your head.


Message History

The black bear closely misses you. The black bear barely misses you.
The black bear claws you but does no damage.
You hit the black bear but do no damage.
The black bear is severely wounded.
The black bear bites you. The black bear closely misses you. x2
The black bear bites you! The black bear barely misses you.
The black bear closely misses you.
You hit the black bear but do no damage.
The black bear is severely wounded.
The black bear bites you!
* * * LOW HITPOINT WARNING * * *
The black bear barely misses you. The black bear closely misses you.
You hit the black bear. Your headbutt misses the black bear.
The black bear is almost dead.
The black bear bites you.
* * * LOW HITPOINT WARNING * * *
The black bear barely misses you. The black bear claws you.
* * * LOW HITPOINT WARNING * * *
The black bear bites you.
You die...

####.####.#
.......##.#####
####.#........#
# #.#######'###
#.# #≈≈.≈≈# #..
#≈#.#≈### ###
+.._..'.#
#≈#.#≈#.#
#≈≈.≈≈#@#
###+###h#
#.#..c# #.....#
#.......#
#.......#
#.###.#### ..
#. # #.


You could see a black bear (berserk) and a centaur.

Vanquished Creatures
  A phantom (D:3)
  A hound (D:4)
  2 orc wizards (D:4)
  A centaur skeleton (D:4)
  An orc priest (D:3)
  2 worker ants
  A hound skeleton (D:4)
  4 gnolls
  8 adders
  A worm (D:3)
  A dart slug (D:1)
  3 leopard geckos
  14 orcs
  A ball python (D:1)
  5 bats
  9 giant cockroaches
  13 goblins
  4 hobgoblins
  3 jackals (D:3)
  2 quokkas (D:3)
  6 frilled lizards
  10 kobolds
  6 rats
99 creatures vanquished.

Notes
Turn   | Place    | Note
-------+----------+-------------------------------------------
     0 | D:1      | mopl the Minotaur Transmuter began the quest for the Orb.
     0 | D:1      | Reached XP level 1. HP: 16/16 MP: 1/1
   177 | D:1      | Reached XP level 2. HP: 23/23 MP: 3/3
   181 | D:1      | Learned a level 2 spell: Sticks to Snakes
   257 | D:1      | Reached skill level 2 in Transmutations
   602 | D:2      | Reached XP level 3. HP: 27/28 MP: 4/4
   840 | D:2      | Reached skill level 2 in Spellcasting
   938 | D:2      | You fall into a shaft and drop 1 floor!
   967 | D:3      | Reached skill level 4 in Unarmed Combat
  1005 | D:3      | Reached XP level 4. HP: 35/35 MP: 6/6
  1600 | D:2      | Learned a level 3 spell: Spider Form
  1977 | D:3      | Reached XP level 5. HP: 36/41 MP: 4/7
  1987 | D:3      | Reached skill level 1 in Throwing
  2222 | D:3      | Reached skill level 2 in Fighting
  2806 | D:4      | Reached XP level 6. HP: 28/48 MP: 5/8
  2816 | D:4      | Reached skill level 3 in Transmutations
  3081 | D:4      | Found a staircase to the Ecumenical Temple.
  3111 | Temple   | Entered the Ecumenical Temple
  3146 | Temple   | Became a worshipper of Cheibriados the Contemplative
  3194 | D:4      | Reached skill level 3 in Dodging
  3379 | D:4      | Learned a level 4 spell: Ice Form
  3821 | D:4      | Found a sparkling altar of Nemelex Xobeh.
  4036 | D:5      | Entered Level 5 of the Dungeon
  4061 | D:5      | Reached XP level 7. HP: 46/56 MP: 10/10
  4183 | D:5      | Found a glowing silver altar of Zin.
  4217 | D:5      | HP: 1/56 [black bear (5)]
  4217 | D:5      | Slain by a black bear

Levels and vault maps discovered:
D:1:      scummos_arrival_hexagon, layout_loops_ring
D:2:      layout_basic, first_ration
D:3:      layout_basic
D:4:      layout_cave_pools, kennysheep_mini, minmay_temple_entry_ruins
D:5:      layout_loops_cross, kennysheep_little_box
Temple:   eino_temple_scatter_basement

Skill      XL: |  1  2  3  4  5  6 |
---------------+-------------------+-----
Transmutations | 2 3 |  3.3
Spellcasting   | 2 |  2.9
Unarmed Combat | 4 |  4.6
Throwing       | 1 |  1.9
Fighting       | 2 |  2.6
Dodging        | 3 |  3.0
Ice Magic      | |  0.3
Poison Magic   | |  0.7
Invocations    | |  0.9

Action                   |  1- 3 |  4- 6 |  7- 9 || total
-------------------------+-------+-------+-------++-------
Melee: Unarmed           |    86 |   219 |    18 ||   323
       Headbutt          |    12 |    33 |     3 ||    48
       Kick              |       |    14 |       ||    14
       Punch             |       |     7 |       ||     7
 Cast: Beastly Appendage |       |     6 |       ||     6
  Use: Scroll            |       |     5 |       ||     5
  Eat: Chunk             |       |    10 |     1 ||    11
Armor: Ring mail         |    26 |    60 |    12 ||    98
Dodge: Dodged            |    61 |   152 |    19 ||   232

Table legend:
 A = Non-vault XP
 B = Vault XP
 C = Vault XP percentage of total XP
 D = Non-vault monster count
 E = Vault monster count
 F = Vault count percentage of total count
                 A         B        C        D         E       F
            +---------+---------+-------+---------+---------+-------
      Total |     742 |       0 |   0.0 |      99 |       0 |   0.0
            +---------+---------+-------+---------+---------+-------
        D:1 |      37 |       0 |   0.0 |      21 |       0 |   0.0
        D:2 |     105 |       0 |   0.0 |      27 |       0 |   0.0
        D:3 |     288 |       0 |   0.0 |      34 |       0 |   0.0
        D:4 |     278 |       0 |   0.0 |      15 |       0 |   0.0
        D:5 |      34 |       0 |   0.0 |       2 |       0 |   0.0
            +---------+---------+-------+---------+---------+-------
